Map: Odyssey LE

Players

Dessa

  • Race: Zerg Zerg
  • League: Diamond
  • Spawn Location: 5:00

Fixed - Winner!

  • Race: Terran Terran
  • League: Diamond
  • Spawn Location: 11:00

VOD

Have the link to the VOD?

Description

Time

  • Played on: Dec. 26, 2017, 1:28 p.m.
  • Length: 15:52
Show
View Real Time Build Order
Export as new Build Order

Dessa Zerg 

Build Orders: Hatch First 

Get SALT Encoding   

  12  0:01  Drone  
  13  0:12  Overlord  
  13  0:17  Drone  
  14  0:31  Drone x2  
  16  0:37  Drone  
  17  0:54  Hatchery  
  16  0:57  Drone  
  16  1:03  Extractor  
  17  1:04  Drone  
  17  1:18  Spawning Pool  
  16  1:21  Drone  
  17  1:28  Drone  
  17  1:30  Overlord  
  18  1:39  Drone  
  19  1:50  Drone  
  20  2:04  Queen  
  20  2:06  Zergling x2  
  20  2:07  Zergling x2, Queen  
  26  2:13  Metabolic Boost  
  26  2:17  Drone  
  26  2:21  Drone  
  28  2:24  Drone  
  29  2:33  Drone  
  29  2:34  Drone  
  31  2:44  Queen  
  31  2:45  Drone  
  31  2:46  Drone  
  31  2:50  Overlord  
  35  2:55  Drone  
  36  3:12  Drone x2  
  38  3:17  Overlord  
  38  3:18  Hatchery  
  37  3:26  Overlord  
  37  3:27  Drone x2  
  37  3:28  Drone  
  40  3:36  Drone x2  
  41  3:41  Drone  
  41  3:42  Baneling Nest  
  41  3:54  Drone  
  41  3:55  Drone x3, Extractor  
  44  3:59  Drone, Extractor  
  44  4:00  Drone  
  44  4:01  Drone x3  
  44  4:02  Zergling x2  
  49  4:24  Overlord  
  49  4:26  Overlord  
  49  4:34  Queen  
  49  4:35  Drone x4  
  49  4:37  Lair, Overlord  
  55  4:40  Pneumatized Carapace  
  55  4:42  Drone  
  55  4:43  Zergling x4  
  55  4:44  Drone x2, Extractor  
  59  4:49  Zergling x2  
  60  4:57  Drone x2, Evolution Chamber x2  
  60  5:02  Zergling x2  
  61  5:13  Drone  
  61  5:14  Drone x3, Overlord  
  65  5:19  Baneling  
  65  5:20  Baneling x5  
  64  5:29  Zerg Ground Armor Level 1, Zerg Melee Weapons Level 1  
  64  5:32  Drone x4  
  64  5:34  Zergling x2  
  64  5:35  Zergling x6  
  69  5:54  Zergling x8  
  69  5:55  Zergling x12  
  69  5:56  Baneling x4  
  71  6:23  Drone x3  
  71  6:24  Drone x4  
  71  6:25  Zergling x4  
  79  6:26  Overlord  
  79  6:31  Baneling, Hydralisk Den  
  79  6:32  Baneling x3  
  78  6:33  Centrifical Hooks  
  78  6:35  Zergling x8  
  82  6:47  Hatchery  
  82  6:49  Extractor  
  79  7:02  Hydralisk x4  
  79  7:03  Hydralisk  
  79  7:07  Muscular Augments, Overlord x3  
  89  7:27  Zergling x10  
  94  7:35  Extractor  
  94  7:36  Drone x2  
  95  7:37  Extractor  
  95  7:38  Drone x3  
  95  7:39  Drone x2  
  95  7:40  Drone  
  95  7:42  Spine Crawler  
  95  7:43  Spine Crawler  
  98  7:45  Drone x3, Spine Crawler  
  100  8:03  Spine Crawler  
  100  8:04  Hydralisk  
  100  8:05  Zergling x2, Hydralisk x2  
  105  8:06  Zergling x14  
  105  8:07  Zergling x2  
  92  8:27  Hydralisk  
  92  8:28  Hydralisk  
  92  8:32  Baneling x2  
  92  8:33  Baneling x8, Hydralisk x3  
  92  8:34  Zergling x2, Hydralisk  
  99  8:35  Zergling x4  
  99  8:37  Queen  
  108  8:44  Zerg Ground Armor Level 2, Zerg Melee Weapons Level 2  
  108  8:54  Zergling x2  
  97  8:55  Zergling x2  
  97  8:56  Zergling x12  
  97  8:57  Zergling x8  
  105  9:03  Hydralisk x2  
  105  9:09  Zergling x6  
  112  9:12  Overlord x2  
  111  9:38  Infestation Pit  
  103  10:06  Hydralisk  
  103  10:07  Hydralisk x5  
  86  10:08  Zergling x10  
  100  10:16  Hydralisk  
  100  10:19  Zergling x14  
  100  10:20  Zergling x4  
  109  10:28  Hydralisk x3  
  102  10:30  Hive  
  103  10:37  Hydralisk x3  
  103  10:39  Drone x2  
  103  10:40  Drone  
  112  10:50  Drone x2  
  112  10:52  Drone x3  
  112  10:53  Drone  
  112  10:54  Drone x2  
  112  10:55  Drone x2  
  121  10:57  Overlord x2  
  121  11:00  Baneling, Zerg Missile Weapons Level 1  
  121  11:01  Baneling x9  
  121  11:02  Baneling, Hatchery  
  120  11:24  Zergling x2, Hydralisk  
  120  11:25  Zergling x12, Hydralisk  
  129  11:26  Zergling x4  
  133  12:01  Extractor x2  
  129  12:06  Zergling x2  
  113  12:11  Zergling x12  
  113  12:12  Zergling x4  
  120  12:16  Zerg Ground Armor Level 3  
  120  12:17  Viper x5  
  102  12:58  Hydralisk x2, Viper x3  
  102  12:59  Zergling x4, Hydralisk  
  102  13:00  Zergling x20  
  102  13:03  Queen  
  131  13:16  Viper x2  
  137  13:22  Baneling x2  
  137  13:23  Baneling x3  
  137  13:42  Hydralisk x5  
  137  13:43  Hydralisk  
  138  14:07  Zergling x10  
  138  14:08  Zergling x34  
  150  14:41  Overlord x3  
  128  14:55  Hydralisk x6  
  128  14:56  Hydralisk x2  
  128  14:57  Zergling x8  
  139  15:04  Zergling x6  
Show
View Real Time Build Order
Export as new Build Order

Fixed Terran - Winner!

Build Orders: Mech 

Get SALT Encoding   

  12  0:00  SCV  
  13  0:12  SCV  
  14  0:17  Supply Depot  
  14  0:24  SCV  
  15  0:39  SCV  
  15  0:41  Barracks  
  16  0:51  SCV  
  17  1:03  SCV  
  18  1:15  SCV  
  19  1:19  Command Center  
  19  1:28  Orbital Command  
  19  1:31  Marine  
  20  1:43  Supply Depot  
  20  1:49  Marine  
  20  1:53  SCV  
  22  1:58  Refinery x2  
  22  2:05  SCV  
  22  2:07  Marine  
  24  2:18  SCV  
  25  2:25  Marine  
  26  2:30  SCV  
  26  2:32  Orbital Command  
  27  2:38  Bunker  
  27  2:42  SCV  
  27  2:43  Marine  
  29  2:51  Orbital Command  
  29  2:54  SCV  
  30  3:06  Factory  
  30  3:08  Marine  
  30  3:09  SCV, Factory  
  32  3:20  SCV  
  32  3:21  SCV  
  34  3:27  Marine  
  34  3:31  Supply Depot  
  35  3:38  SCV x2  
  37  3:45  Marine  
  38  3:48  Supply Depot  
  38  3:50  SCV  
  38  3:51  SCV, Factory Tech Lab  
  38  3:53  Command Center  
  38  3:54  Factory Reactor  
  40  4:03  SCV x2  
  42  4:12  Hellion  
  42  4:13  Infernal Pre-Igniter  
  42  4:15  SCV x2  
  46  4:19  Supply Depot  
  45  4:27  SCV  
  45  4:28  SCV  
  45  4:30  Refinery  
  45  4:31  Refinery  
  47  4:33  Hellion  
  47  4:34  Engineering Bay  
  47  4:35  Hellion x2  
  47  4:36  Marine  
  54  4:40  SCV x2  
  54  4:44  Supply Depot  
  56  4:52  SCV x2  
  58  5:00  Hellion x2  
  58  5:01  Hellion  
  58  5:02  Factory  
  58  5:04  SCV x2  
  66  5:12  Factory  
  66  5:16  SCV x2  
  68  5:22  Marine  
  68  5:24  Hellion x3  
  75  5:39  SCV  
  75  5:40  SCV  
  77  5:45  Hellion x2, Siege Tank  
  76  5:58  SCV x2  
  76  6:00  Orbital Command  
  78  6:07  Hellion x2  
  82  6:17  Siege Tank  
  79  6:26  Factory Tech Lab x2  
  79  6:28  SCV x3, Hellion x2  
  86  6:36  Supply Depot  
  86  6:38  Armory  
  86  6:40  SCV x3  
  86  6:42  Armory  
  86  6:46  Siege Tank  
  92  6:52  SCV, Supply Depot  
  92  6:57  Siege Tank  
  92  6:58  Hellion x2  
  99  7:02  SCV x2  
  99  7:06  Refinery x2  
  101  7:10  Supply Depot  
  101  7:13  SCV, Siege Tank  
  101  7:14  SCV  
  101  7:15  SCV  
  107  7:19  Siege Tank  
  107  7:20  Hellion  
  107  7:21  Hellion  
  114  7:25  SCV  
  114  7:27  SCV x2, Missile Turret  
  114  7:29  Missile Turret  
  117  7:31  Missile Turret, Siege Tank  
  117  7:35  Missile Turret  
  120  7:37  SCV, Missile Turret  
  120  7:38  Missile Turret  
  120  7:41  Missile Turret  
  120  7:42  Missile Turret  
  120  7:44  Missile Turret  
  121  7:45  SCV x2  
  121  7:49  Command Center  
  123  7:57  Hellion  
  123  7:58  Terran Vehicle And Ship Armor Level 1, Terran Vehicle Weapons Level 1  
  125  8:00  Supply Depot  
  125  8:02  Hellion, Siege Tank x2  
  133  8:24  Supply Depot  
  113  8:27  Siege Tank  
  113  8:28  Hellion  
  113  8:29  Hellion  
  120  8:34  Siege Tank x2  
  124  8:50  Hellion x2  
  105  8:59  Siege Tank  
  102  9:06  Siege Tank x2  
  102  9:07  Factory  
  102  9:08  Factory x2  
  104  9:11  Hellion x2  
  108  9:19  Marine  
  108  9:22  Sensor Tower  
  106  9:31  Siege Tank  
  109  9:41  Siege Tank x2  
  109  9:42  Hellion x2  
  101  10:03  Siege Tank  
  88  10:14  Orbital Command  
  77  10:28  SCV x2  
  76  10:40  SCV x2, Siege Tank x3  
  76  10:41  Hellion x2  
  91  10:46  Sensor Tower  
  91  10:52  Supply Depot, Terran Vehicle And Ship Armor Level 2, Terran Vehicle Weapons Level 2  
  91  10:55  SCV x3  
  94  10:59  Planetary Fortress  
  94  11:07  SCV x3  
  94  11:10  Factory Tech Lab  
  94  11:11  Factory Tech Lab x2  
  97  11:13  Siege Tank x3  
  97  11:14  Hellion x2  
  97  11:15  Hi-Sec Auto Tracking  
  110  11:20  SCV  
  110  11:21  SCV x2  
  110  11:24  Marine  
  112  11:28  Supply Depot  
  112  11:30  Siege Tank x2  
  121  11:33  SCV  
  121  11:35  Hellion  
  121  11:36  Hellion  
  126  11:42  SCV x3  
  126  11:45  SCV  
  130  11:49  Thor  
  130  11:51  Hellion x2  
  140  11:55  Refinery  
  140  11:57  Hellion x2  
  140  11:58  Sensor Tower  
  140  11:59  Refinery  
  138  12:02  Hellion  
  138  12:03  Hellion  
  138  12:04  Missile Turret  
  138  12:05  Missile Turret  
  122  12:12  Siege Tank  
  110  12:28  SCV x3  
  110  12:29  SCV  
  111  12:38  Siege Tank  
  108  12:48  SCV x2  
  108  12:49  SCV  
  108  12:50  SCV  
  112  12:55  Siege Tank x5  
  112  12:56  Hellion x2  
  131  13:00  SCV  
  131  13:01  SCV  
  131  13:03  Supply Depot  
  133  13:10  Siege Tank  
  136  13:18  Hellion x2  
  143  13:27  Siege Tank x4  
  143  13:28  Hellion  
  143  13:32  Refinery  
  154  13:39  Hellion  
  156  13:44  Refinery, Command Center  
  156  13:45  Command Center  
  156  13:47  Refinery, Siege Tank  
  159  13:49  Siege Tank  
  162  13:59  Siege Tank  
  160  14:08  Thor x3  
  165  14:10  Hellion x2  
  169  14:28  Thor x2  
  183  14:31  Hellion x2  
  164  14:57  Thor  
  164  14:58  Thor x2  
  164  14:59  Hellion x2  
  184  15:27  Hellion  
  184  15:28  Hellion x4  
Tags
 
Composition
Mech
Matchup
TvZ
Replay Pack
2017S4
Spawn Locations
Cross Positions
Add a new tag
Caveats
  • Supply blocks, unpowered buildings, or Contaminate may cause inaccurate times.
  • Supply counts are checked every 10 seconds.